 Dungeon Crawl Stone Soup version 0.22.0-36-g8e74550 (webtiles) character file.

940 poirepourri the Thaumaturge (level 7, -11/46 HPs)
             Began as a Mummy Ice Elementalist on Aug 24, 2018.
             Was an Elder of Jiyva.
             Mangled by a wight
             ... wielding a +0 dire flail
              (16 damage)
             ... on level 6 of the Dungeon.
             The game lasted 00:09:20 (7671 turns).

poirepourri the Thaumaturge (MuIE)                  Turns: 7671, Time: 00:09:20

Health: -11/46     AC:  4    Str: 12    XL:     7   Next: 88%
Magic:  5/19       EV: 12    Int: 21    God:    Jiyva [****..]
Gold:   303        SH:  0    Dex:  9    Spells: 7/24 levels left

rFire    x . .     SeeInvis .   d - +1 dagger (drain)
rCold    + . .     Gourm    .   (no shield)
rNeg     + + +     Faith    .   a - +1 robe
rPois    ∞         Spirit   .   (no helmet)
rElec    .         Reflect  .   (no cloak)
rCorr    +         Harm     .   (no gloves)
MR       .....                  g - +0 pair of boots
Stlth    +++.......             (no amulet)
HPRegen  0.15/turn              f - ring of stealth
MPRegen  0.16/turn              l - +2 ring of strength

@: very slightly contaminated
A: no food or potions, fire vulnerability, cold resistance 1, negative energy
resistance 3, torment resistance, unbreathing
a: Request Jelly, Slimify, Renounce Religion


You were on level 6 of the Dungeon.
You worshipped Jiyva.
Jiyva was greatly pleased with you.
You were not hungry.

You visited 2 branches of the dungeon, and saw 8 of its levels.

You collected 303 gold pieces.

Inventory:

Hand Weapons
 d - a +1 dagger of draining (weapon)
Missiles
 c - 6 tomahawks (quivered)
Armour
 a - a +1 robe (worn)
 g - a +0 pair of boots (worn)
Jewellery
 f - a ring of stealth (left hand)
 l - a +2 ring of strength (right hand)
Wands
 k - a wand of iceblast (4)
Scrolls
 b - a scroll of remove curse
 e - 2 scrolls of teleportation
 h - 5 scrolls of identify
 j - a scroll of random uselessness


   Skills:
 - Level 1.5 Dodging
 - Level 1.5 Stealth
 - Level 9.0 Spellcasting
 - Level 1.1 Conjurations
 + Level 5.1 Ice Magic


You had 7 spell levels left.
You knew the following spells:

 Your Spells              Type           Power        Failure   Level  Hunger
a - Freeze                Ice            ####         1%          1    N/A
b - Throw Frost           Conj/Ice       ###...       3%          2    N/A
c - Ozocubu's Armour      Chrm/Ice       ###.....     8%          3    N/A
d - Throw Icicle          Conj/Ice       ###.....     21%         4    N/A
e - Summon Ice Beast      Ice/Summ       ###.....     26%         4    N/A
f - Confuse               Hex            #.......     22%         3    N/A

Your spell library contained the following spells:

 Spells                   Type           Power        Failure   Level  Hunger
 Confusing Touch          Hex            #.....       7%          1    N/A
 Gell's Gravitas          Tloc           #.........   22%         3    N/A
 Petrify                  Tmut/Erth      #.......     56%         4    N/A
 Metabolic Englaciation   Hex/Ice        ###.......   56%         5    N/A
 Yara's Violent Unravell  Hex/Tmut       #.........   89%         5    N/A

Dungeon Overview and Level Annotations

Branches:
Dungeon (7/15)             Temple (1/1) D:4

Altars:
Ashenzari
Cheibriados
Elyvilon
Fedhas
Hepliaklqana
Kikubaaqudgha
Makhleb
Okawaru
Ru
Sif Muna
Trog
Uskayaw
Vehumet
Wu Jian
Yredelemnul
Zin
The Shining One
Jiyva


Innate Abilities, Weirdness & Mutations

You do not eat or drink.
Your flesh is vulnerable to fire.
You are immune to poison.
Your flesh is cold resistant. (rC+)
You are immune to negative energy. (rN+++)
You are immune to unholy pain and torment.
You can survive without breathing.


Message History

You completely miss the wight.
The wight is severely damaged.
The wight barely misses you.
You completely miss the wight.
The wight is severely damaged.
You closely miss the wight.
The wight is severely damaged.
The wight hits you with a dire flail!
You barely miss the wight.
The wight is severely damaged.
The wight hits you with a dire flail!
* * * LOW HITPOINT WARNING * * *
You completely miss the wight.
The wight is severely damaged.
The wight hits you with a dire flail.
* * * LOW HITPOINT WARNING * * *
You hit the wight.
The wight is almost destroyed.
The wight hits you with a dire flail!
You die...

############### #####
#.............# ####.##.
#.............# #....##.
#.......@J....# #.##.##.
#.......z.....## #.##.##.
#...J..........# #.#...'.
##..........J...###.#####.
#.........................
#...J...........###.######
#....#####.##.#.#.........
#....# #.................
#....# #..##.#.#.#.#####.


You could see a wight and 4 neutral jellies (fellow slime).

Vanquished Creatures
  2 black bears (D:6)
  An ogre (D:5)
  A scorpion (D:3)
  A wight (D:7)
  3 crimson imps
  An orc wizard (D:5)
  2 hounds
  An orc priest (D:4)
  An iguana (D:5)
  2 worker ants
  Natasha (twice) (D:2)
  3 gnolls
  12 adders
  A river rat (D:5)
  2 oozes
  4 worms
  2 dart slugs (D:1)
  3 leopard geckos (D:3)
  4 orcs
  3 bats
  7 giant cockroaches
  7 goblins
  6 hobgoblins
  8 jackals
  4 kobolds
  A quokka (D:5)
  2 ball pythons
  2 frilled lizards
  2 jackal skeletons
  7 rats
97 creatures vanquished.

Vanquished Creatures (others)
  A sky beast (D:6)
  An ogre (D:7)
  A centaur (D:6)
  A scorpion (D:6)
  A killer bee (D:7)
  3 jellies
  2 worker ants (D:6)
  3 adders
  3 adder zombies (D:6)
  3 leopard geckos
  5 orcs
  A goblin (D:5)
  A frilled lizard (D:5)
  A quokka zombie (D:6)
  2 rats (D:5)
29 creatures vanquished.

Grand Total: 126 creatures vanquished

Notes
Turn   | Place    | Note
-------+----------+-------------------------------------------
     0 | D:1      | poirepourri the Mummy Ice Elementalist began the quest for the Orb.
     0 | D:1      | Reached XP level 1. HP: 13/13 MP: 4/4
    21 | D:1      | Reached skill level 3 in Spellcasting
   359 | D:1      | Reached XP level 2. HP: 19/19 MP: 1/6
   556 | D:1      | Reached skill level 4 in Spellcasting
   970 | D:1      | Learned a level 2 spell: Throw Frost
  1156 | D:1      | Reached XP level 3. HP: 24/24 MP: 6/8
  1641 | D:2      | Noticed Natasha
  1645 | D:2      | Killed Natasha
  1645 | D:2      | Reached skill level 5 in Spellcasting
  1645 | D:2      | Reached XP level 4. HP: 16/30 MP: 6/11
  1817 | D:2      | Found a burning altar of Makhleb.
  1817 | D:2      | Found a glowing silver altar of Zin.
  1818 | D:2      | Noticed an angel
  1818 | D:2      | Noticed a green death
  2489 | D:2      | Noticed Natasha
  2499 | D:2      | Killed Natasha
  2499 | D:2      | Reached skill level 6 in Spellcasting
  2841 | D:2      | Reached skill level 1 in Conjurations
  3038 | D:3      | Reached XP level 5. HP: 35/35 MP: 10/13
  3802 | D:3      | Learned a level 4 spell: Throw Icicle
  3807 | D:3      | Learned a level 4 spell: Summon Ice Beast
  3811 | D:3      | Learned a level 3 spell: Ozocubu's Armour
  3815 | D:3      | Learned a level 3 spell: Confuse
  4104 | D:4      | Reached skill level 7 in Spellcasting
  4151 | D:4      | Found a staircase to the Ecumenical Temple.
  4271 | Temple   | Entered the Ecumenical Temple
  4364 | Temple   | Became a worshipper of Jiyva Jenkav the Shapeless
  4484 | D:4      | Found an ornate altar of the Wu Jian Council.
  4586 | D:4      | Reached XP level 6. HP: 41/41 MP: 11/16
  5095 | D:4      | Found a glowing golden altar of the Shining One.
  5167 | D:4      | Found a radiant altar of Vehumet.
  5175 | D:4      | Reached * piety under Jiyva
  5224 | D:5      | Entered Level 5 of the Dungeon
  5227 | D:5      | Reached skill level 8 in Spellcasting
  5422 | D:5      | Reached ** piety under Jiyva
  5553 | D:5      | Reached XP level 7. HP: 46/46 MP: 10/19
  5621 | D:5      | Reached skill level 9 in Spellcasting
  5842 | D:5      | Found a glowing drain.
  5922 | D:5      | Found a sacrificial altar of Ru.
  6130 | D:6      | Found a bloodstained altar of Trog.
  6366 | D:6      | Reached *** piety under Jiyva
  6635 | D:6      | Reached **** piety under Jiyva
  6915 | D:6      | Found a shattered altar of Ashenzari.
  7434 | D:7      | Reached skill level 5 in Ice Magic
  7671 | D:6      | Mangled by a wight

Skill      XL: |  1  2  3  4  5  6  7 |
---------------+----------------------+-----
Spellcasting   | 3 4 5 6 7 8 9 |  9.0
Conjurations   | 1 |  1.1
Ice Magic      | 3 5 |  5.1
Dodging        | |  1.5
Stealth        | |  1.5

Action                   |  1- 3 |  4- 6 |  7- 9 || total
-------------------------+-------+-------+-------++-------
Melee: Unarmed           |     3 |       |       ||     3
       Dagger            |     4 |    14 |    33 ||    51
 Cast: Freeze            |    51 |    83 |    51 ||   185
       Throw Frost       |       |    33 |     9 ||    42
       Confuse           |       |     1 |     5 ||     6
       Ozocubu's Armour  |       |     1 |     1 ||     2
       Throw Icicle      |       |       |     6 ||     6
Invok: Request Jelly     |       |       |     6 ||     6
Evoke: Wand              |       |     3 |     1 ||     4
  Use: Scroll            |     4 |     2 |     4 ||    10
 Stab: Confused          |       |       |     1 ||     1
       Sleeping          |       |       |     1 ||     1
Armor: Robe              |    15 |    14 |    16 ||    45
Dodge: Dodged            |    36 |    53 |    56 ||   145
